 Dungeon Crawl Stone Soup version 0.16-a0-3920-g0a6a257 (webtiles) character file.

508 timbw the Insei (level 6, -7/53 HPs)
             Began as a Centaur Monk on Feb 4, 2015.
             Was a Believer of Okawaru.
             Mangled by an orc warrior
             ... wielding a +0 trident
              (14 damage)
             ... on level 7 of the Dungeon.
             The game lasted 00:10:24 (2499 turns).

timbw the Insei (Centaur Monk)                      Turns: 2499, Time: 00:10:24

Health: -7/53      AC:  5    Str: 13    XL:     6   Next: 98%
Magic:  3/5        EV: 12    Int: 10    God:    Okawaru [**....]
Gold:   102        SH:  0    Dex: 13    Spells: 0 memorised, 5 levels left

rFire  . . .     SeeInvis .       - Unarmed
rCold  . . .     Clarity  .     p - +0 leather armour
rNeg   . . .     SustAb   .     (no shield)
rPois  .         Gourm    .     (no helmet)
rElec  .         Spirit   .     (no cloak)
rCorr  .         Warding  .     (no gloves)
rMut   .         Stasis   .     (no barding)
MR     .....                    (no amulet)
Stlth  ++........               (no ring)
                                (no ring)

@: heroism, very quick, not resistant to hostile enchantments, unstealthy
A: hooves 3, deformed body, speed 2, tough skin 3
a: Heroism, Renounce Religion


You were on level 7 of the Dungeon.
You worshipped Okawaru.
Okawaru was pleased with you.
You were not hungry.

You visited 1 branch of the dungeon, and saw 7 of its levels.

You collected 102 gold pieces.

Inventory:

Armour
 a - a +0 robe
 j - a +0 scale mail
 p - a +0 leather armour (worn)
 q - a +3 chain mail
 w - the -3 leather armour of the Other Side {rC- Regen+ MP-9 Dex+6}
   (You found it on level 7 of the Dungeon)

   It affects your dexterity (+6).
   It makes you vulnerable to cold.
   It affects your magic capacity (-9).
   It increases your rate of regeneration.
Jewellery
 v - the ring of the Scavenger {+/*Tele -Cast +Blink +Fly rElec Int+4}
   (You found it on level 7 of the Dungeon)

   [ring of teleportation]

   It causes random teleportation, and can be evoked to teleport at will.
   It affects your intelligence (+4).
   It insulates you from electricity.
   It lets you fly.
   It lets you blink.
   It prevents spellcasting.
Scrolls
 c - a scroll of magic mapping {unknown}
 e - 3 scrolls of identify {unknown}
 f - a scroll of recharging {unknown}
 g - 2 scrolls of enchant armour {unknown}
 i - a scroll of noise {unknown}
 m - 2 scrolls of remove curse {unknown}
Potions
 h - a potion of degeneration {unknown}
 n - a potion of ambrosia {unknown}
 o - 2 potions of lignification {unknown}
 r - a potion of heal wounds {unknown}
 s - a potion of restore abilities {unknown}
 u - a potion of curing {unknown}
Books
 d - a book of the Dragon

   Spells                             Type                      Level
   a - Flight                         Charms/Air                   3
   b - Cause Fear                     Hexes                        4
   c - Bolt of Fire                   Conjuration/Fire             6
   d - Dragon Form                    Transmutation                7
   e - Dragon's Call                  Summoning                    9
 k - a book of Party Tricks

   Spells                             Type                      Level
   a - Summon Butterflies             Summoning                    1
   b - Apportation                    Translocation                1
   c - Tukima's Dance                 Hexes                        3
   d - Alistair's Intoxication        Transmutation/Poison         4
   e - Invisibility                   Hexes                        6
Comestibles
 b - 5 bread rations
 l - a meat ration
 t - 2 chunks of flesh
 x - a royal jelly


   Skills:
 + Level 4.6(9.6) Fighting
 - Level 2.1(7.1) Dodging
 - Level 1.2(6.2) Stealth
 * Level 7.6(12.6) Unarmed Combat


You had 5 spell levels left.
You didn't know any spells.

Dungeon Overview and Level Annotations

Branches:
Dungeon (7/15)
 Temple: D:4-7

Altars:
Gozag
Okawaru
Vehumet

Shops:
D:6 =

Annotations:
D:6 timbw's ghost, average HuFi


Innate Abilities, Weirdness & Mutations

You have hooves in place of feet.
Armour fits poorly on your strangely shaped body.
You cover ground very quickly.
You have extremely tough skin (AC +3).


Message History

You closely miss the orc wizard.
The orc wizard is severely wounded.
The orc warrior hits you with a trident!
The orc wizard closely misses you.
You punch the orc wizard!
You kill the orc wizard!
Okawaru accepts your kill.
You punch the orc warrior!
You kick the orc warrior, but do no damage.
The orc warrior is heavily wounded.
The orc warrior hits you with a trident.
You hit the orc warrior.
The orc warrior is severely wounded.
The orc warrior hits you with a trident!
* * * LOW HITPOINT WARNING * * *
You closely miss the orc warrior.
You kick the orc warrior, but do no damage.
The orc warrior is severely wounded.
The orc warrior hits you with a trident!
You die...

.....#.#..#
#....#.#
####.#.#..#
#....#.# .#.#...
#....#o#
.#.#...##....#.#
##.#....#....#.#
..#..#.#....#.#
..#.#....#o#
..#......#.#
........@#.#######
...#..#.o).........
# ####.####### #.#
#.# #.# #.# ..# ..#


You could see an orc warrior.

Vanquished Creatures
  A giant frog (D:7)
  A scorpion (D:5)
  A gnoll shaman (D:7)
  2 iguanas (D:5)
  3 orc wizards
  A worker ant (D:6)
  The ghost of timbw the Shield-Bearer, a weakling HuFi (D:3)
  A hound zombie (D:5)
  5 gnolls (D:7)
  6 adders
  A giant mite (D:7)
  2 worms (D:5)
  An adder skeleton (D:5)
  12 orcs
  2 ball pythons
  3 giant cockroaches
  2 hobgoblins
  2 quokkas
  4 bats
  3 giant newts
  9 goblins
  A kobold (D:4)
  5 rats
  2 ballistomycetes (D:6)
71 creatures vanquished.

Vanquished Creatures (others)
  A giant spore (D:6)
1 creature vanquished.

Grand Total: 72 creatures vanquished

Notes
Turn   | Place    | Note
--------------------------------------------------------------
     0 | D:1      | timbw, the Centaur Monk, began the quest for the Orb.
     0 | D:1      | Reached XP level 1. HP: 19/19 MP: 1/1
   130 | D:2      | Found a radiant altar of Vehumet.
   133 | D:2      | Found an opulent altar of Gozag.
   136 | D:2      | Found an iron altar of Okawaru.
   140 | D:2      | Became a worshipper of Warmaster Okawaru
   140 | D:2      | Acquired Okawaru's first power
   343 | D:1      | Reached XP level 2. HP: 26/26 MP: 2/2
   696 | D:4      | Noticed an orc warrior
   705 | D:3      | Reached skill level 5 in Unarmed Combat
   708 | D:3      | Reached XP level 3. HP: 22/31 MP: 3/3
   709 | D:3      | Noticed timbw's ghost (weakling HuFi)
   800 | D:3      | Killed timbw's ghost
  1089 | D:5      | Entered Level 5 of the Dungeon
  1150 | D:5      | Reached XP level 4. HP: 26/38 MP: 1/3
  1358 | D:5      | Noticed a scorpion
  1367 | D:5      | Killed a scorpion
  1367 | D:5      | Reached skill level 6 in Unarmed Combat
  1367 | D:5      | Reached XP level 5. HP: 40/45 MP: 4/4
  1722 | D:5      | Reached XP level 6. HP: 15/52 MP: 3/5
  2017 | D:6      | Noticed timbw's ghost (average HuFi)
  2080 | D:7      | Got a fine jade ring
  2081 | D:7      | Identified the ring of the Scavenger {+/*Tele -Cast +Blink +Fly rElec Int+4} (You found it on level 7 of the Dungeon)
  2119 | D:7      | Reached skill level 7 in Unarmed Combat
  2160 | D:7      | Got a blackened leather armour
  2188 | D:6      | Identified the -3 leather armour of the Other Side {rC- Regen+ MP-9 Dex+6} (You found it on level 7 of the Dungeon)
  2246 | D:6      | Found Xecuch's Jewellery Shoppe.
  2499 | D:7      | Mangled by an orc warrior

Action                   |  1- 3 |  4- 6 || total
-------------------------+-------+-------++-------
Melee: Unarmed           |    74 |   158 ||   232
Invok: Heroism           |     4 |     6 ||    10
 Stab: Sleeping          |       |     1 ||     1
  Eat: Chunk             |       |     5 ||     5
